 Dungeon Crawl Stone Soup version 0.27.0-1-g7a089689b8 (console) character file.

Game seed: 203460556143003370

81270 FIQ the Fighter (level 15, -11/85 HPs)
             Began as a Vine Stalker Berserker on Aug 3, 2021.
             Was the Champion of Trog.
             Mangled by an orc warlord (18 damage)
             ... on level 9 of the Dungeon.
             The game lasted 00:39:38 (16247 turns).

FIQ the Fighter (Vine Stalker Berserker)           Turns: 16247, Time: 00:39:39

Health: -11/85     AC: 22    Str: 25    XL:     15   Next: 69%
Magic:  0/16       EV: 18    Int:  7    God:    Trog [******]
Gold:   711        SH:  0    Dex: 15    Spells: 14/14 levels left

rFire    + . .     SeeInvis .   a - +2 triple sword (freeze)
rCold    x . .     Faith    .   (shield currently unavailable)
rNeg     . . .     Spirit   +   x - +0 steam dragon scales
rPois    .         Reflect  .   p - +0 helmet
rElec    .         Harm     .   M - +2 cloak
rCorr    .         Rampage  .   I - +2 pair of gloves
Will     +....                  A - +1 pair of boots
Stlth    +.........             C - amulet of regeneration
HPRegen  2.24/turn              V - ring of fire
MPRegen  0.15/turn              H - +4 ring of protection

@: mighty, on berserk cooldown, hasted, very quick
A: fangs 3, regeneration 1, magic shield, antimagic bite, no potion heal 2
a: Renounce Religion, Berserk, Trog's Hand, Brothers in Arms


You were on level 9 of the Dungeon.
You worshipped Trog.
Trog was exalted by your worship.
You visited 3 branches of the dungeon, and saw 17 of its levels.

You collected 1182 gold pieces.
You spent 471 gold pieces at shops.

Inventory:

Hand Weapons
 a - a +2 triple sword of freezing (weapon)
 b - a +2 rapier
 X - a +4 scimitar of freezing
Missiles
 J - a throwing net (quivered)
Armour
 d - +0 fire dragon scales
 p - a +0 helmet (worn)
 x - +0 steam dragon scales (worn)
 A - a +1 pair of boots (worn)
 I - a +2 pair of gloves (worn)
 M - a +2 cloak (worn)
Jewellery
 h - a +4 ring of slaying
 m - a +6 ring of strength
 r - a ring of positive energy
 B - a ring of protection from cold
 C - an amulet of regeneration (around neck)
 E - a ring of resist corrosion
 G - a ring of ice
 H - a +4 ring of protection (right hand)
 L - a +6 ring of dexterity
 N - a ring of see invisible
 S - the ring "Ohodimp" {rPois Int+6 Dex+2}
   (You found it on level 4 of the Lair of Beasts)

   [ring of intelligence]

   Int:       It affects your intelligence (+6).
   Dex:       It affects your dexterity (+2).
   rPois:     It protects you from poison.
 V - a ring of fire (left hand)
Wands
 l - a wand of flame (36)
 s - a wand of acid (43)
 v - a wand of paralysis (9)
 K - a wand of iceblast (10)
 R - a wand of polymorph (7)
Scrolls
 c - a scroll of identify
 e - 5 scrolls of teleportation
 f - a scroll of enchant weapon
 j - 2 scrolls of enchant armour
 o - 7 scrolls of magic mapping
 q - 2 scrolls of blinking
 w - a scroll of vulnerability
 y - 3 scrolls of fear
 O - a scroll of immolation
 P - a scroll of fog
 U - a scroll of silence
Potions
 g - 4 potions of haste
 i - 5 potions of curing
 k - 6 potions of attraction
 n - a potion of mutation
 t - 2 potions of lignification
 u - 2 potions of magic
 z - 2 potions of cancellation
 D - 6 potions of flight
 F - a potion of invisibility
 Q - a potion of might
 W - a potion of resistance
 Z - 10 potions of ambrosia
Miscellaneous
 T - a tin of tremorstones (2/2)


   Skills:
 + Level 12.6 Fighting
 + Level 12.6 Long Blades
 + Level 11.5 Armour
 + Level 11.5 Dodging


You had 14 spell levels left.
You didn't know any spells.
Your spell library was empty.

Dungeon Overview and Level Annotations

Branches:
Dungeon (10/15)            Temple (0/1) D:7            Lair (6/6) D:10
  Swamp (0/4) Lair:2        Slime (0/5) Lair:6          Orc (1/2) D:9
  Snake: Lair:2-4    Spider: Lair:2-4

Altars:
Cheibriados
Elyvilon
Fedhas

Shops:
D:9 *


Innate Abilities, Weirdness & Mutations

You have razor-sharp teeth.
Your natural rate of healing is unusually fast.
When hurt, damage is shared between your health and your magic reserves.
Your bite disrupts and absorbs the magic of your enemies.
Potions cannot restore your health.


Message History

An orc warrior comes into view. It is wielding a +0 flail.
Things that are here:
a +0 mace; 5 silver boomerangs; a +0 chain mail The orc warrior shouts!
You see here a +0 mace.
The orc warlord hits you with a +2 great mace!!
There is a staircase back to the Dungeon, spattered with blood here.
Things that are here:
a +0 chain mail; a +0 flail of holy wrath The orc warlord hits you with a +2 great mace!
You climb upwards.
Welcome back to the Dungeon!
You feel yourself speed up.
There is a staircase to the Orcish Mines here.
You hit the orc warlord but do no damage.
Your bite misses the orc warlord.
The orc warlord hits you with a +2 great mace. x2
You barely miss the orc warlord. Your bite misses the orc warlord.
The orc warlord hits you with a +2 great mace!
You slash the orc warlord! You freeze the orc warlord.
You bite the orc warlord! You drain its power.
You feel invigorated.
The orc warlord is moderately wounded.
The orc warlord hits you with a +2 great mace!!
You slice the orc warlord!! You freeze the orc warlord.
You bite the orc warlord. You drain its power.
You feel invigorated.
The orc warlord is heavily wounded.
The orc warlord hits you with a +2 great mace!!
* * * LOW HITPOINT WARNING * * *
You feel yourself speed up. The orc warlord barely misses you.
You feel very mighty all of a sudden.
The orc warlord hits you with a +2 great mace!!
* * * LOW HITPOINT WARNING * * *
You hit the orc warlord but do no damage.
You bite the orc warlord! You drain its power.
You feel invigorated.
The orc warlord is severely wounded.
The orc warlord hits you with a +2 great mace.
* * * LOW HITPOINT WARNING * * *
You slice the orc warlord!! You freeze the orc warlord!
The orc warlord is almost dead.
The orc warlord hits you with a +2 great mace!!
You die...

#..##..............###..# #.#
..............##........# #.#
........................# #.#
≈≈≈≈≈≈≈≈≈≈≈≈≈≈≈≈≈≈≈≈....# #.#
≈≈≈≈≈≈≈≈≈≈≈≈≈≈≈≈≈≈≈≈.#..####.#
##################≈≈.#.......#
...............≈o#≈≈.#..######
..........[....###≈≈.#..#
......8...)....o@#≈≈.#..#
...............###≈≈.#..#
...............≈o#≈≈.#..#
##################≈≈....#
≈≈≈≈≈≈≈≈≈≈≈≈≈≈≈≈≈≈≈≈.##)#
≈≈≈≈≈≈≈≈≈≈≈≈≈≈≈≈≈≈≈≈.##.#
.....................##.#
...##.........#.#...###.#
...##.........#.....# #.######


You could see an orc warlord.

Vanquished Creatures
  Rupert (Lair:6)
  A fire dragon (Lair:6)
  8 hydras
  A catoblepas (Lair:3)
  A two-headed ogre (D:10)
  A centaur warrior (D:8)
  4 death yaks (Lair:5)
  Sonja (Lair:1)
  A spriggan (Lair:5)
  A fire crab (Lair:6)
  A bog body (Lair:2)
  3 oklob plants
  2 cyclopes (D:10)
  2 centaur zombies
  Maurice (D:9)
  25 elephants
  8 black mambas
  12 cane toads
  2 molten gargoyles (Lair:6)
  A torpor snail (Lair:1)
  15 komodo dragons
  2 kobold demonologists (D:10)
  A rime drake (Lair:4)
  4 polar bears
  3 meliai (Lair:6)
  A queen bee (Lair:6)
  3 trolls (Orc:1)
  2 hornets (Lair:5)
  7 blink frogs
  19 dream sheep
  A shadow (D:9)
  37 yaks
  A wraith (D:6)
  7 wyverns
  A vampire (D:8)
  Sigmund (D:6)
  5 basilisks
  6 steam dragons
  2 swamp worms (Lair:2)
  4 hell hounds (Lair:6)
  An acid dragon (D:7)
  16 water moccasins
  10 orc warriors
  An ice beast (D:6)
  A hornet zombie (D:4)
  4 ogres
  2 sky beasts
  A necrophage (D:6)
  5 centaurs
  39 wolves
  14 bullfrogs
  5 kobold brigands
  A gnoll sergeant (D:10)
  2 scorpions
  25 killer bees
  7 wights
  5 electric eels
  5 lava snakes (Lair:6)
  3 howler monkeys
  A hound (D:5)
  A bullfrog skeleton (D:6)
  13 orc priests
  2 gnoll shamans
  6 iguanas
  4 orc wizards
  Natasha (thrice) (D:2)
  2 hound skeletons
  A howler monkey zombie (D:8)
  10 adders
  10 gnolls
  A howler monkey skeleton (D:4)
  A shadow imp (D:7)
  2 ufetubi
  4 worms
  4 dart slugs
  33 orcs
  10 bats
  6 endoplasms
  6 giant cockroaches
  5 goblins
  7 hobgoblins
  16 jackals
  18 kobolds
  2 quokkas
  8 ball pythons
  5 frilled lizards
  8 rats
535 creatures vanquished.

Vanquished Creatures (collateral kills)
  2 oklob plants (Lair:4)
2 creatures vanquished.

Vanquished Creatures (others)
  A basilisk (Lair:6)
  34 fungi
  87 plants
122 creatures vanquished.

Grand Total: 659 creatures vanquished

Notes
Turn   | Place    | Note
-------+----------+-------------------------------------------
     0 | D:1      | FIQ the Vine Stalker Berserker began the quest for the Orb.
     0 | D:1      | Reached XP level 1. HP: 11/11 MP: 2/2
   506 | D:1      | Reached XP level 2. HP: 15/16 MP: 3/3
   997 | D:1      | Reached XP level 3. HP: 20/20 MP: 4/4
  1229 | D:1      | Reached ** piety under Trog
  1600 | D:2      | Found a faded altar of an unknown god.
  1655 | D:2      | Found a blossoming altar of Fedhas.
  1762 | D:2      | Gained mutation: Your natural rate of healing is unusually
                  | fast. [Vine Stalker growth]
  1762 | D:2      | Reached XP level 4. HP: 18/24 MP: 3/5
  1795 | D:2      | Noticed Natasha
  1804 | D:2      | Killed Natasha
  1922 | D:2      | Noticed Natasha
  1934 | D:2      | Killed Natasha
  1970 | D:2      | Reached XP level 5. HP: 28/28 MP: 6/6
  2249 | D:2      | Noticed Natasha
  2260 | D:2      | Killed Natasha
  3434 | D:3      | Reached *** piety under Trog
  3707 | D:4      | Noticed an ogre
  3711 | D:4      | Reached XP level 6. HP: 33/33 MP: 7/7
  3803 | D:4      | Reached XP level 7. HP: 23/37 MP: 8/8
  4778 | D:5      | Entered Level 5 of the Dungeon
  4863 | D:5      | Found a white marble altar of Elyvilon.
  5617 | D:6      | Gained mutation: You have razor-sharp teeth. [Vine Stalker
                  | growth]
  5617 | D:6      | Reached XP level 8. HP: 42/42 MP: 9/9
  5748 | D:6      | Noticed Sigmund
  5763 | D:6      | Killed Sigmund
  5764 | D:6      | Reached skill level 5 in Fighting
  5764 | D:6      | Reached skill level 5 in Long Blades
  5821 | D:6      | Noticed a wraith
  5831 | D:6      | Killed a wraith
  6112 | D:6      | Reached XP level 9. HP: 19/48 MP: 7/10
  6297 | D:6      | Reached **** piety under Trog
  6298 | D:6      | Reached skill level 5 in Armour
  6298 | D:6      | Reached skill level 5 in Dodging
  7236 | D:7      | Found a staircase to the Ecumenical Temple.
  7804 | D:8      | Reached XP level 10. HP: 46/53 MP: 8/11
  7816 | D:8      | Noticed a centaur warrior
  7827 | D:8      | Killed a centaur warrior
  8571 | D:9      | Reached ***** piety under Trog
  8612 | D:9      | Noticed Maurice
  8626 | D:9      | Killed Maurice
  8874 | D:9      | Found a staircase to the Orcish Mines.
  9034 | D:9      | Reached XP level 11. HP: 55/60 MP: 9/12
  9256 | D:9      | Found Eckiloy's Assorted Antiques.
  9260 | D:9      | Bought a large emerald ring for 115 gold pieces
  9260 | D:9      | Bought a scroll labelled LIADYH SIEXEI for 23 gold pieces
  9260 | D:9      | Bought a pair of runed gloves for 172 gold pieces
  9260 | D:9      | Bought a small ruby ring for 115 gold pieces
  9260 | D:9      | Bought a scroll labelled PAG HURUSOSK for 23 gold pieces
  9260 | D:9      | Bought a scroll labelled FIECUF VEELIPH for 23 gold pieces
  9467 | D:10     | Entered Level 10 of the Dungeon
  9810 | D:10     | Noticed a two-headed ogre
  9825 | D:10     | Killed a two-headed ogre
 10124 | D:10     | Noticed a cyclops
 10137 | D:10     | Killed a cyclops
 10193 | D:10     | Found a staircase to the Lair.
 10193 | D:10     | Noticed a cyclops
 10202 | D:10     | Killed a cyclops
 10223 | D:10     | Identified a scroll of acquirement
 10225 | D:10     | Acquired a +2 triple sword of freezing
 10437 | Lair:1   | Entered Level 1 of the Lair of Beasts
 10487 | Lair:1   | Noticed Sonja
 10490 | Lair:1   | Killed Sonja
 10490 | Lair:1   | Received a gift from Trog
 10656 | Lair:1   | Reached XP level 12. HP: 66/66 MP: 13/13
 10726 | Lair:1   | Noticed a seven-headed hydra
 10735 | Lair:1   | Killed a seven-headed hydra
 10962 | Lair:1   | Found a snail-covered altar of Cheibriados.
 11514 | Lair:2   | Found a staircase to the Swamp.
 11734 | Lair:2   | You fall into a shaft and drop 1 floor!
 11814 | Lair:3   | Noticed a catoblepas
 11819 | Lair:3   | Killed a catoblepas
 11820 | Lair:3   | Reached skill level 10 in Long Blades
 11852 | Lair:3   | Reached skill level 10 in Fighting
 12102 | Lair:3   | Noticed a four-headed hydra
 12115 | Lair:3   | Killed a four-headed hydra
 12263 | Lair:3   | Reached XP level 13. HP: 69/72 MP: 14/14
 12675 | Lair:3   | Reached XP level 14. HP: 77/77 MP: 15/15
 12728 | Lair:4   | Identified the +3 falchion of Cuag {antimagic, Fragile
                  | rPois Will+ SInv} (Trog gifted it to you on level 4 of the
                  | Lair of Beasts)
 12728 | Lair:4   | Received a gift from Trog
 12870 | Lair:4   | Reached skill level 10 in Armour
 12931 | Lair:4   | Reached skill level 10 in Dodging
 12939 | Lair:4   | Identified the ring "Ohodimp" {rPois Int+6 Dex+2}
 12942 | Lair:4   | Identified the +7 dagger "Kuzabb" {pain, rC- Will++ Str+4}
 13138 | Lair:4   | Found a snail-covered altar of Cheibriados.
 13724 | Lair:5   | Reached ****** piety under Trog
 14062 | Lair:5   | Reached XP level 15. HP: 84/84 MP: 16/16
 14323 | Lair:6   | Entered Level 6 of the Lair of Beasts
 14363 | Lair:6   | Received a gift from Trog
 14646 | Lair:6   | Found a large runed translucent door.
 14646 | Lair:6   | Found a large runed translucent door.
 15001 | Lair:6   | Noticed Rupert
 15017 | Lair:6   | Killed Rupert
 15228 | Lair:6   | Found a staircase to the Slime Pits.
 15933 | Lair:6   | Identified the +1 robe "Uzevulid" {rF+}
 16191 | Orc:1    | Entered Level 1 of the Orcish Mines
 16232 | Orc:1    | Noticed an orc warlord
 16247 | D:9      | Mangled by an orc warlord

Illustrated notes

Levels and vault maps discovered:
D:1:      wheals_arrival_linesprint, layout_rooms, minmay_octomino_c4
D:2:      layout_basic, basic_altar, shapermc_ecumenical_altar_flowoftime,
          nrook_mini_vaults, minmay_tripent, uniq_natasha
D:3:      wad_lake_hut, layout_basic, grunt_ministairs_1,
          chequers_serial_rivers_room_b, minmay_three_crescents
D:4:      layout_basic
D:5:      layout_basic, elyvilon_altar_4, lemuel_old_faithful
D:6:      layout_loops_ring, serial_rivers, chequers_serial_rivers_small_a,
          chequers_serial_rivers_small_3, chequers_serial_rivers_small_3,
          chequers_serial_rivers_micro_e, chequers_serial_rivers_micro_a,
          uniq_sigmund
D:7:      layout_loops_ring, minmay_temple_entry_statues_fountains,
          chequers_arboretum, minmay_misc_feat_hallway
D:8:      layout_loops_cross, grunt_decor_arrowhead, hangedman_decor_lopped,
          minmay_misc_feat_enclosed, solitary_fountain,
          hangedman_minor_gate_pass
D:9:      layout_long_grid, erik_orc_2, serial_shops, kennysheep_little_box,
          minmay_misc_feat_tower, uniq_maurice
D:10:     layout_basic, david_lair_shrubbed
Lair:1:   layout_regular_city, minivault_27, kennysheep_snail_temple, uniq_sonja
Lair:2:   layout_cave_pods, nicolae_swamp_entry_splash_gauntlet,
          dummy_spider_entry, serial_bayou, serial_bayou_lagoon_b,
          serial_bayou_shore_b, serial_bayou_crossing, serial_bayou_pond_e,
          serial_bayou_lake_a, serial_bayou_pond_c, lemuel_fruit_fields
Lair:3:   beast_lair_carwin_large_1, layout_cave_pods, infiniplex_staircase_pool
Lair:4:   layout_cave_shapes, basic_altar, grunt_megastairs_3,
          minmay_lair_oklob_chamber
Lair:5:   layout_cave_pods, hangedman_lair_unloving_vines,
          grunt_forest_large_clearings, lemuel_fruit_fields,
          serial_bayou_shore_b
Lair:6:   cheibrodos_lair_end_hotspot, layout_loops_ring,
          minmay_slime_entry_oklob_enclosed, special_room [special_room_bee],
          uniq_rupert
Orc:1:    layout_caves

Skill      XL: |  1  2  3  4  5  6  7  8  9 10 11 12 13 14 15 |
---------------+----------------------------------------------+-----
Fighting       | 3 4 5 6 8 9 10 11 12 | 12.6
Long Blades    | 3 4 5 6 8 9 10 11 12 | 12.6
Dodging        | 2 3 4 5 7 8 9 10 11 | 11.5
Armour         | 2 3 4 6 7 8 9 10 11 | 11.5

Action                   |  1- 3 |  4- 6 |  7- 9 | 10-12 | 13-15 || total
-------------------------+-------+-------+-------+-------+-------++-------
Melee: Falchion          |    96 |   138 |   180 |       |       ||   414
       Bite              |    27 |    72 |   101 |   180 |   276 ||   656
       Long sword        |       |       |    23 |   224 |       ||   247
       Triple sword      |       |       |       |   142 |   417 ||   559
       Rapier            |       |       |       |     9 |    78 ||    87
Invok: Berserk           |     2 |     3 |    14 |    16 |    17 ||    52
       Trog's Hand       |       |       |       |       |     3 ||     3
       Brothers in Arms  |       |       |       |       |     1 ||     1
  Use: Scroll            |       |       |     7 |    16 |     5 ||    28
       Potion            |       |       |     1 |     3 |     3 ||     7
 Stab: Distracted        |       |       |       |       |     3 ||     3
Armor: Animal skin       |    18 |       |       |       |       ||    18
       Ring mail         |    12 |    52 |    47 |       |       ||   111
       Steam dragon scal |       |       |    12 |   178 |   380 ||   570
Dodge: Dodged            |    75 |    91 |   145 |   325 |   816 ||  1452
       Rpst.: Falchion   |    22 |    29 |    32 |       |       ||    83
       Long sword        |       |       |     5 |    49 |       ||    54
       Triple sword      |       |       |       |    42 |   201 ||   243
